 Dungeon Crawl Stone Soup version 0.26-a0-597-gb535b0901c (webtiles) character file.

Game seed: 4176770494348170963

2507 HoaS the Cruncher (level 9, -10/64 HPs)
             Began as a Formicid Fighter on Aug 31, 2020.
             Killed from afar by an electric eel (13 damage)
             ... with a bolt of electricity
             ... on level 7 of the Dungeon.
             The game lasted 00:13:01 (8843 turns).

HoaS the Cruncher (Formicid Fighter)                Turns: 8843, Time: 00:13:01

Health: -10/64     AC: 13    Str: 23    XL:     9   Next: 83%
Magic:  9/9        EV:  8    Int:  9    God:
Gold:   341        SH: 12    Dex: 10    Spells: 8/8 levels left

rFire    . . .     SeeInvis +   a - +1 quarterstaff
rCold    . . .     Faith    .   c - +1 kite shield
rNeg     . . .     Spirit   .   x - +0 chain mail
rPois    .         Reflect  .   (helmet unavailable)
rElec    .         Harm     .   r - +1 cloak (curse)
rCorr    .                      g - +1 pair of gloves
MR       .....                  (no boots)
Stlth    ..........             (no amulet)
HPRegen  0.20/turn              (no ring)
MPRegen  0.11/turn              (no ring)

@: no status effects
A: permanent stasis, dig shafts and tunnels, four strong arms, antennae 3
a: Dig, Shaft Self


You were on level 7 of the Dungeon.
You visited 1 branch of the dungeon, and saw 7 of its levels.

You collected 341 gold pieces.

Inventory:

Hand Weapons
 a - a +1 quarterstaff (weapon)
Missiles
 j - 87 bolts
Armour
 c - a +1 kite shield (worn)
 g - a +1 pair of gloves (worn)
 r - a cursed +1 cloak (worn)
 x - a +0 chain mail (worn)
Jewellery
 h - an uncursed amulet of regeneration {unknown}
 n - an uncursed ring of resist corrosion {unknown}
 p - a +6 ring of strength {unknown}
 u - an uncursed ring of resist corrosion {unknown}
Wands
 q - a wand of flame (17)
 s - a wand of paralysis (8)
Scrolls
 b - a scroll of summoning {unknown}
 d - a scroll of vulnerability {unknown}
 o - a scroll of identify
Potions
 e - a potion of curing {unknown}
 f - a potion of cancellation {unknown}
 i - a potion of ambrosia {unknown}
 k - 2 potions of lignification {unknown}
 l - 2 potions of haste {unknown}
 m - 2 potions of mutation {unknown}
 t - a potion of stabbing {unknown}
 v - a potion of magic {unknown}


   Skills:
 - Level 3.2 Fighting
 * Level 10.7 Staves
 - Level 3.2 Armour
 - Level 9.0 Shields


You had 8 spell levels left.
You didn't know any spells.
Your spell library was empty.

Dungeon Overview and Level Annotations

Branches:
Dungeon (7/15)
 Temple: D:4-7

Altars:
Elyvilon
Fedhas
Gozag
Kikubaaqudgha
Ru
Sif Muna
Trog
Uskayaw
The Shining One

Shops:
D:4 [!}[   D:6 }


Innate Abilities, Weirdness & Mutations

You cannot be hasted, slowed, berserked, paralysed or teleported.
You can dig through walls and to a lower floor.
Your four strong arms can wield two-handed weapons with a shield.
You have a pair of large antennae on your head. (SInv)


Message History

The electric eel is moderately wounded.
The electric eel shoots out a bolt of lightning at you!
The bolt of electricity hits the electric eel.
The electric eel completely resists.
The bolt of electricity hits you!
The electric eel shoots out a bolt of lightning at you!
The bolt of electricity hits you!
The electric eel shoots out a bolt of lightning at you!
The bolt of electricity hits the electric eel.
The electric eel completely resists.
The bolt of electricity misses the electric eel.
The bolt of electricity hits you.
The electric eel shoots out a bolt of lightning at you!
The bolt of electricity hits you!
* * * LOW HITPOINT WARNING * * *
The bolt of electricity hits you!
* * * LOW HITPOINT WARNING * * *
The electric eel shoots out a bolt of lightning at you!
The bolt of electricity hits the electric eel.
The electric eel completely resists.
The bolt of electricity hits you!
You die...

#####.#.# #.# #.#...+§§§+.
...#.#.###.###.....#≈§§##
###.#.#.'.._..+.#..###'###
#.......#######.#..#.#.#.#
#.#.##..# ### #.#..#...#.#
#[#.###.#######.#..###.#.#
##.#.#.#
#.÷.......#........#
{#......#
###÷#.....##........
♣P≈≈♣..#
#@.......#####..##
≈≈♣≈♣≈♣♣≈ ###....#.#.
####...# ♣≈P≈≈
♣♣♣.'....._.. +...<...
≈≈≈≈P≈≈≈≈≈≈≈;....#.#!
####...# ≈≈≈≈≈
≈≈♣≈≈≈♣≈.$..... #..##
≈≈≈≈≈ ≈≈≈≈♣;≈≈≈.....# #.##
≈≈≈≈ ≈≈≈≈≈P≈≈♣≈...## #.#
≈≈≈≈≈≈P≈♣P#+## ...
≈≈≈;♣≈≈≈≈♣# ..#


You could see 2 electric eels.

Vanquished Creatures
  The ghost of Bliebski the Skirmisher, a novice FoAK of Lugonu (D:5)
  An orc warrior (D:6)
  An ice beast (D:5)
  A black bear (D:6)
  A phantom (D:4)
  2 ogres (D:5)
  A centaur (D:6)
  A bullfrog (D:6)
  4 scorpions
  2 howler monkeys
  4 wights (D:6)
  A centaur zombie (D:7)
  A quasit (D:6)
  A bullfrog zombie (D:5)
  4 orc priests
  A jelly (D:7)
  A bullfrog skeleton (D:5)
  3 hounds
  Crazy Yiuf (D:3)
  An iguana (D:4)
  10 orc wizards
  3 worker ants
  A hound skeleton (D:5)
  A worker ant zombie (D:6)
  14 gnolls
  A howler monkey skeleton (D:6)
  9 adders
  A white imp (D:6)
  An ufetubus (D:7)
  An adder skeleton (D:4)
  A leopard gecko (D:2)
  18 orcs
  5 giant cockroaches
  2 goblins
  4 hobgoblins (D:3)
  10 jackals
  2 kobolds
  3 quokkas
  3 ball pythons
  5 bats
  5 frilled lizards
  A goblin skeleton (D:6)
  2 goblin zombies (D:6)
  2 orc skeletons (D:6)
  3 orc zombies (D:6)
  4 rats
145 creatures vanquished.

Vanquished Creatures (others)
  A jackal (D:7)
  A quokka (D:2)
  17 plants
  2 withered plants (D:3)
21 creatures vanquished.

Grand Total: 166 creatures vanquished

Notes
Turn   | Place    | Note
-------+----------+-------------------------------------------
     0 | D:1      | HoaS the Formicid Fighter began the quest for the Orb.
     0 | D:1      | Reached XP level 1. HP: 18/18 MP: 1/1
    17 | D:1      | You fall into a shaft and drop 1 floor!
    67 | D:2      | Reached XP level 2. HP: 13/24 MP: 2/2
   497 | D:2      | Reached XP level 3. HP: 19/29 MP: 3/3
   648 | D:2      | Found a white marble altar of Elyvilon.
   661 | D:2      | Reached skill level 3 in Staves
   915 | D:2      | Reached XP level 4. HP: 10/35 MP: 4/4
  1052 | D:2      | Reached skill level 4 in Staves
  1616 | D:1      | Reached XP level 5. HP: 41/41 MP: 5/5
  2374 | D:2      | Found a bloodstained altar of Trog.
  2666 | D:3      | Found an ancient bone altar of Kikubaaqudgha.
  2669 | D:3      | Found a blossoming altar of Fedhas.
  2867 | D:3      | Found a runed translucent door.
  2868 | D:3      | Noticed Crazy Yiuf
  2899 | D:3      | Found a sacrificial altar of Ru.
  2917 | D:3      | Reached skill level 5 in Shields
  3183 | D:3      | Reached XP level 6. HP: 40/47 MP: 6/6
  3475 | D:3      | Killed Crazy Yiuf
  3475 | D:3      | Reached skill level 5 in Staves
  4014 | D:4      | Found Nyroitac's Distillery.
  4020 | D:4      | Found Dajuph's Armour Boutique.
  4030 | D:4      | Reached XP level 7. HP: 39/52 MP: 7/7
  4176 | D:4      | Reached skill level 6 in Staves
  4412 | D:4      | Found Joompuk's Gadget Boutique.
  4541 | D:4      | Found an opulent altar of Gozag.
  4633 | D:4      | Found Arikoq's Armour Shop.
  5312 | D:5      | Entered Level 5 of the Dungeon
  5681 | D:5      | Reached skill level 7 in Staves
  5681 | D:5      | Reached XP level 8. HP: 40/58 MP: 8/8
  5888 | D:5      | Found a runed translucent door.
  5889 | D:5      | Noticed Bliebski's ghost (novice FoAK)
  6503 | D:5      | Reached skill level 8 in Staves
  6781 | D:5      | Killed Bliebski's ghost
  6781 | D:5      | Reached skill level 9 in Staves
  6781 | D:5      | Reached XP level 9. HP: 23/64 MP: 9/9
  7151 | D:6      | Found Ymifigui's Gadget Shop.
  7317 | D:6      | Reached skill level 10 in Staves
  7529 | D:6      | Found a glowing golden altar of the Shining One.
  8380 | D:7      | Found a hide-covered altar of Uskayaw.
  8590 | D:7      | Found a shimmering blue altar of Sif Muna.
  8620 | D:7      | Found a white marble altar of Elyvilon.
  8843 | D:7      | HP: 3/64 [electric eel/bolt of electricity (7)]
  8843 | D:7      | Killed from afar by an electric eel

Illustrated notes

Levels and vault maps discovered:
D:1:      psy_arrival_fountain, layout_loops_ring, item_on_display_a
D:2:      layout_basic, lightli_temple_of_fire, elyvilon_altar_4
D:3:      layout_loops_corners, grunt_temple_overflow_growth_and_decay,
          nicolae_ru_great_annihilating_truth, uniq_crazy_yiuf_cottage
D:4:      layout_gridville, kennysheep_little_box, portal_sewer_entry_b,
          serial_shops, nicolae_shop_statue_plus, kennysheep_mini_moat,
          shop_fountains, shop
D:5:      layout_loops_corners, ebering_ghost_sewer_d,
          chequers_serial_rivers_micro_a
D:6:      layout_loops_ring, nicolae_tso_besieged_by_evil, serial_shops,
          nicolae_shop_statue_plus
D:7:      layout_loops_corners, marbit_many_paths, lemuel_crystal_altar,
          lemuel_doored_altar, minmay_temple_entry_large_hall, basic_altar,
          serial_bayou, serial_bayou_crossing, serial_bayou_lake_a,
          serial_bayou_pond_c, serial_bayou_pond_b, minmay_liquid_box,
          uniq_joseph

Skill      XL: |  1  2  3  4  5  6  7  8  9 |
---------------+----------------------------+-----
Shields        | 4 5 6 8 9 |  9.0
Staves         | 3 4 5 7 9 10 | 10.7
Fighting       | |  3.2
Armour         | |  3.2

Action                   |  1- 3 |  4- 6 |  7- 9 || total
-------------------------+-------+-------+-------++-------
Melee: Quarterstaff      |    49 |   191 |   422 ||   662
 Abil: Dig               |     2 |     1 |     4 ||     7
  Use: Scroll            |       |     7 |     3 ||    10
       Potion            |       |       |     1 ||     1
 Stab: Paralysed         |       |     2 |       ||     2
Armor: Scale mail        |     8 |    60 |    23 ||    91
       Chain mail        |       |       |    85 ||    85
Dodge: Dodged            |    10 |    57 |    73 ||   140
Block: Kite shield       |    24 |    93 |   198 ||   315

Table legend: (Time is in decaauts)
 A = Elapsed time spent in this place.
 B = Non-inter-level travel time spent in this place.
 C = Inter-level travel time spent in this place.
 D = Time resting spent in this place.
 E = Time spent auto-exploring this place.
 F = Levels seen in this place.
 G = Mean time per level.
                   A        B        C        D        E       F      G
               +--------+--------+--------+--------+--------+-----+--------+
         Total |   8843 |   8551 |    292 |   2131 |   5176 |   7 | 1263.3 |
       Dungeon |   8843 |   8551 |    292 |   2131 |   5176 |   7 | 1263.3 |
               +--------+--------+--------+--------+--------+-----+--------+

Top non-repeatable levels by time:
     D:5: 1737 daAuts
     D:2: 1711 daAuts
     D:4: 1495 daAuts
     D:3: 1446 daAuts
     D:6: 1231 daAuts
     D:1: 700 daAuts
     D:7: 521 daAuts
